 Dungeon Crawl Stone Soup version bcrawl-1.38.3 (webtiles) character file.

Game seed: 2719141216524683512

145967 feta the Conjurer (level 5, -4/28 HPs)
             Began as a Skeleton Conjurer on June 24, 2023.
             Killed from afar by an orc wizard (11 damage)
             ... with a puff of flame
             ... on level 3 of the Dungeon.
             The game lasted 00:05:38 (2259 turns).

feta the Conjurer (Skeleton Conjurer)               Turns: 2259, Time: 00:05:39

Health: -4/28      AC:  2    Str: 13 (14) XL:     5   Next: 2%
Magic:  0/11       EV: 12    Int: 14 (15) God:
Gold:   72         SH:  0    Dex:  8 (9)  Spells: 9/12 levels left

rFire    . . .     GDR:     22% d - +1 dagger (drain)
rCold    + . .     SeeInvis .   (no shield)
rNeg     + + +     Gourm    .   a - +0 robe
rPois    ∞         Faith    .   (no helmet)
rElec    .         Spirit   +   (no cloak)
rCorr    .         Reflect  .   (no gloves)
MR       .....                  (no boots)
Stlth    ++........             (no amulet)
HPRegen  0.14/turn              (no ring)
MPRegen  0.12/turn              (no ring)

@: no status effects
A: no food or potions, cold resistance 1, deterioration 1, negative energy
resistance 3, torment resistance, unbreathing, magic shield, sturdy frame 1,
spell healing
a: no special abilities


You were on level 3 of the Dungeon.
You were not hungry.

You visited 1 branch of the dungeon, and saw 3 of its levels.

You collected 72 gold pieces.

Inventory:

Hand Weapons
 d - a +1 dagger of draining (weapon)
Armour
 a - a +0 robe (worn)
Scrolls
 b - a scroll of magic mapping
 c - a scroll of teleportation
 e - a scroll of remove curse
 f - 2 scrolls of fear
 i - a scroll of identify


   Skills:
 + Level 2.2 Armour
 + Level 3.1 Dodging
 - Level 2.4 Stealth
 + Level 4.3 Spellcasting
 + Level 5.7 Conjurations


You had 9 spell levels left.
You knew the following spells:

 Your Spells              Type           Power        Failure   Level  Hunger
r - Searing Ray           Conj           ###.....     2%          2    N/A
z - Magic Dart            Conj           ###.         1%          1    N/A

Your spell library contained the following spells:

 Spells                   Type           Power        Failure   Level  Hunger
 Iskenderun's Mystic Bla  Conj           ###.....     5%          3    N/A
 Fulminant Prism          Conj/Hex       ##........   50%         4    N/A
 Irradiate                Conj/Tmut      ##........   85%         5    N/A

Dungeon Overview and Level Annotations

Branches:
Dungeon (3/12)

Altars:
Sif Muna
Uskayaw


Innate Abilities, Weirdness & Mutations

You do not eat or drink.
You are immune to poison.
Your flesh is cold resistant. (rC+)
Your body sometimes deteriorates upon taking damage.
You are immune to negative energy. (rN+++)
You are immune to unholy pain and torment.
You can survive without breathing.
When hurt, damage is shared between your health and your magic reserves.
Your movements are slightly less encumbered by armour. (ER -2)
Casting spells heals you.


Message History

You drain the orc wizard.
The orc wizard is severely wounded.
The orc wizard closely misses you.
You closely miss the orc wizard.
The orc wizard is severely wounded.
The orc wizard mumbles some strange words.
The orc wizard flickers and vanishes!
Deactivating autopickup; reactivate with Ctrl-A.
You closely miss something. Something hits you.
You closely miss something. Something hits you.
* * * LOW HITPOINT WARNING * * *
Something hits you but does no damage.
You closely miss something. Something hits you but does no damage.
You miss something. Something hits you.
* * * LOW HITPOINT WARNING * * *
You miss something.
You hear some strange, mumbled words.
A puff of flame appears from out of thin air!
The puff of flame hits you!
You die...

#.#.###.#.#.##.##.#
#.#.....#......##.#
..?.....#... ...#.#
#.........####..#.. .
#...............#..
#.####.#####!#.#####.#..
#)...#.#####.#..........
#....................#.#
#.#....@####.#.#.#####.#
### #....{#
#+#.........# #<#
##...).......#########
#.# #.##...........# #.#
#.##.....)..... ######
#.# #.##...........
#.)... #.#
#.######....... #.####
##.#######.### .......
#.#### #...##.......#
....... #.....


There were no monsters in sight!

Vanquished Creatures
  A hound (D:3)
  Terence (D:3)
  A gnoll (D:2)
  An ooze (D:3)
  3 worms
  3 dart slugs
  3 leopard geckos
  5 orcs
  3 giant cockroaches
  2 goblins (D:1)
  6 hobgoblins
  3 jackals (D:1)
  2 bats (D:1)
  5 frilled lizards
  5 kobolds
  7 rats
51 creatures vanquished.

Notes
Turn   | Place    | Note
-------+----------+-------------------------------------------
     0 | D:1      | feta the Skeleton Conjurer began the quest for the Orb.
     0 | D:1      | Reached XP level 1. HP: 10/10 MP: 4/4
   148 | D:1      | Reached XP level 2. HP: 14/15 MP: 1/6
   209 | D:1      | Reached skill level 5 in Conjurations
   250 | D:1      | Reached skill level 1 in Armour
   442 | D:1      | Reached XP level 3. HP: 19/19 MP: 5/8
  1194 | D:2      | Found a hide-covered altar of Uskayaw.
  1200 | D:2      | Found a shimmering blue altar of Sif Muna.
  1203 | D:2      | Found a glowing silver altar of Zin.
  1713 | D:2      | Reached XP level 4. HP: 24/24 MP: 6/9
  2062 | D:3      | Noticed Terence
  2067 | D:3      | Learned a level 2 spell: Searing Ray
  2073 | D:3      | Killed Terence
  2235 | D:3      | Reached XP level 5. HP: 28/28 MP: 9/11
  2259 | D:3      | Killed from afar by an orc wizard

Skill      XL: |  1  2  3  4 |
---------------+-------------+-----
Conjurations   | 5 |  5.7
Armour         | 1 2 |  2.2
Spellcasting   | 4 |  4.3
Dodging        | 3 |  3.1
Stealth        | |  2.4

Action                   |  1- 3 |  4- 6 || total
-------------------------+-------+-------++-------
Melee: Unarmed           |    10 |       ||    10
       Dagger            |    31 |    24 ||    55
 Cast: Magic Dart        |    71 |    24 ||    95
       Searing Ray       |       |     1 ||     1
  Use: Scroll            |     1 |     3 ||     4
Armor: Robe              |     7 |     6 ||    13
Dodge: Dodged            |    23 |    10 ||    33
